 Dungeon Crawl Stone Soup version 0.29.0-11-gd7f09526c8 (webtiles) character file.

Game seed: 17350534294742095878

0 NinjaNoafa the Magician (level 1, 0/13 HPs)
             Began as a Demonspawn Wanderer on Sept 3, 2022.
             Slain by a hobgoblin (2 damage)
             ... on level 1 of the Dungeon.
             The game lasted 00:01:04 (54 turns).

NinjaNoafa the Magician (Demonspawn Wanderer)         Turns: 54, Time: 00:01:04

Health: 0/13       AC:  5    Str: 11    XL:     1   Next: 8%
Magic:  4/4        EV:  9    Int: 18    God:
Gold:   14         SH:  0    Dex:  8    Spells: 6/6 levels left

rFire   . . .      SeeInvis .   a - +0 club
rCold   . . .      Faith    .   (no shield)
rNeg    . . .      Spirit   .   c - +0 ring mail
rPois   .          Reflect  .   (no helmet)
rElec   .          Harm     .   (no cloak)
rCorr   .          Rampage  .   (no gloves)
Will    .....                   (no boots)
Stlth   ..........              (no amulet)
HPRegen 0.04/turn               (no ring)
MPRegen 0.09/turn               (no ring)

@: no status effects
A: no striking features
a: no special abilities


You were on level 1 of the Dungeon.
You visited 1 branch of the dungeon, and saw 1 of its levels.

You collected 14 gold pieces.

Inventory:

Hand Weapons
 a - a +0 club (weapon)
Armour
 c - a +0 ring mail (worn)
Scrolls
 b - a scroll of butterflies
Potions
 d - a potion of invisibility {unknown}


   Skills:
 - Level 1.0 Throwing
 - Level 1.0 Armour
 - Level 3.0 Spellcasting
 + Level 2.0 Summonings
 - Level 2.6 Transmutations


You had 6 spell levels left.
You didn't know any spells.
Your spell library contained the following spells:

 Spells                   Type           Power      Damage    Failure   Level
 Summon Small Mammal      Summ           40%        N/A       17%         1
 Sting                    Tmut/Pois      28%        1d4       22%         1
 Call Imp                 Summ           10%        N/A       26%         2
 Spider Form              Tmut/Pois      7%         N/A       54%         3
 Summon Lightning Spire   Summ/Air       6%         N/A       94%         4


Dungeon Overview and Level Annotations

Branches:
Dungeon (1/15)

Altars:


Message History

There is an open door here.
d - a fuming emerald potion You now have 14 gold pieces.
You open the door.
There is an open door here.
A rat comes into view.
A rat is nearby!
A goblin, a hobgoblin and a kobold come into view.
The goblin shouts!
The hobgoblin shouts!
The kobold shouts!
The rat bites you.
You barely miss the rat. The rat bites you but does no damage.
Okay, then.
The kobold attacks as you move away!
The kobold hits you with a +0 short sword.
The rat attacks as you move away! The rat bites you.
You hit the kobold.
The kobold is heavily wounded.
The kobold hits you but does no damage.
A hobgoblin comes into view.
You barely miss the kobold.
The kobold is heavily wounded.
The hobgoblin shouts!
The kobold hits you but does no damage.
You closely miss the kobold.
The kobold is heavily wounded.
The kobold barely misses you. x2
You hit the kobold.
You kill the kobold!
You hit the hobgoblin but do no damage. The hobgoblin hits you.
You barely miss the hobgoblin. The hobgoblin barely misses you.
The hobgoblin hits you but does no damage.
You hit the hobgoblin but do no damage. The hobgoblin hits you.
The hobgoblin attacks as you move away!
The hobgoblin hits you but does no damage.
The hobgoblin attacks as you move away!
The hobgoblin hits you but does no damage.
The hobgoblin attacks as you move away! The hobgoblin hits you.
* * * LOW HITPOINT WARNING * * *
The hobgoblin attacks as you move away! The hobgoblin hits you.
You die...

#.#... .g...
#.# ###.g.# #.#
......g ...
###.... ...
.......######.#
.......gg.g.#.#
.......####.#.#
#.#....
#r#@###.# #....
##.#g....#
#####
#..r.#####
#####..#.#
#......#.#
#.####....#
.#######.#
###..#
.........# #..#
######'###
#....


You could see a hobgoblin and a rat.

Vanquished Creatures
  A kobold (D:1)
1 creature vanquished.

Notes
Turn   | Place    | Note
-------+----------+-------------------------------------------
     0 | D:1      | NinjaNoafa the Demonspawn Wanderer began the quest for the
                  | Orb.
     0 | D:1      | NinjaNoafa set off with the following items: a +0 club, a
                  | scroll of butterflies, a +0 ring mail; and the following
                  | spells available to memorise: Summon Small Mammal, Sting,
                  | Call Imp, Spider Form, Summon Lightning Spire.
     0 | D:1      | Reached XP level 1. HP: 13/13 MP: 4/4
    54 | D:1      | Slain by a hobgoblin

Illustrated notes

Levels and vault maps discovered:
D:1:      ncdulo_halloftheorcs, layout_basic,
          dreamdust_ecumenical_altar_angels_and_demons

Action                   || total
-------------------------++-------
Melee: Club              ||     8
Armor: Ring mail         ||     6
Dodge: Dodged            ||     3
